 Dungeon Crawl Stone Soup version 0.30.1-11-g7821555f0a (webtiles) character file.

Game seed: 51003039368660578

2202 SacredBeard the Reanimator (level 9, -10/68 HPs)
             Began as a Demonspawn Necromancer on Nov 23, 2023.
             Killed from afar by a white draconian (42 damage)
             ... with a blast of cold
             ... on level 2 of the Abyss.
             The game lasted 00:25:08 (8613 turns).

SacredBeard the Reanimator (Demonspawn Necromancer) Turns: 8613, Time: 00:25:09

Health: -10/68     AC:  6    Str:  8    XL:     9   Next: 12%
Magic:  12/12      EV:  9    Int: 24    God:
Gold:   213        SH:  5    Dex: 17    Spells: 11/12 levels left

rFire   . . .        d - +0 short sword (elec)
rCold   . . .        n - +0 buckler
rNeg    . . .        i - +0 ring mail
rPois   .            (no helmet)
rElec   .            g - scarf {shadows}
rCorr   .            (no gloves)
SInv    +            (no boots)
Will    .....        (no amulet)
Stlth   ++           j - +6 ring of intelligence
HPRegen 0.31/turn    B - ring of see invisible
MPRegen 0.13/turn

%: no passive effects
@: no status effects
A: powered by death 1, powered by pain 1, sharp scales 1, weakness stinger 2
a: no special abilities


You were on level 2 of the Abyss.
You visited 2 branches of the dungeon, and saw 9 of its levels.
You visited the Abyss 1 time.
You also visited: Sewer.

You collected 405 gold pieces.
You spent 192 gold pieces at shops.

Inventory:

Hand Weapons
 d - a +0 short sword of electrocution (weapon)
 D - a +2 halberd of protection
Missiles
 h - 67 stones
 m - 13 poisoned darts
 z - a boomerang
 H - a throwing net
Armour
 g - a scarf of shadows (worn)
 i - a +0 ring mail (worn)
 n - a +0 buckler (worn)
Jewellery
 j - a +6 ring of intelligence (left hand)
 p - a ring of poison resistance
 B - a ring of see invisible (right hand)
 G - a ring of willpower
Wands
 K - a wand of polymorph (3)
 L - a wand of iceblast (7)
Scrolls
 e - a scroll of identify
 f - a scroll of poison {unknown}
 l - 3 scrolls of amnesia
 q - 2 scrolls of enchant weapon
 r - a scroll of fog {unknown}
 u - a scroll of brand weapon {unknown}
 x - 4 scrolls of magic mapping
 y - 5 scrolls of teleportation
 C - a scroll of immolation {unknown}
 E - a scroll of blinking {unknown}
Potions
 a - a potion of brilliance {unknown}
 b - a potion of invisibility {unknown}
 c - 3 potions of curing
 k - a potion of berserk rage {unknown}
 o - 3 potions of heal wounds
 s - a potion of mutation {unknown}
 t - a potion of haste {unknown}
 v - a potion of might {unknown}
 w - 2 potions of ambrosia
 A - 2 potions of lignification
 F - a potion of degeneration {unknown}
 I - a potion of magic
 J - a potion of cancellation {unknown}


   Skills:
 * Level 5.6 Fighting
 + Level 2.7 Long Blades
 - Level 2.0 Throwing
 - Level 2.0 Armour
 - Level 2.0 Dodging
 - Level 3.0 Stealth
 - Level 2.0 Shields
 - Level 2.0 Spellcasting
 - Level 10.0 Necromancy
 + Level 2.7 Evocations


You had 11 spell levels left.
You knew the following spells:

 Your Spells              Type           Power      Damage    Failure   Level
a - Necrotise             Necr           100%       1d9       1%          1

Your spell library contained the following spells:

 Spells                   Type           Power      Damage    Failure   Level
 Sublimation of Blood     Necr           50%        N/A       1%          2
 Vampiric Draining        Necr           50%        2d9       2%          3
 Kiss of Death            Conj/Necr      100%       2d13      7%          1
 Animate Dead             Necr           50%        N/A       9%          4
 Dispel Undead            Necr           50%        3d19      9%          4
 Agony                    Necr           50%        N/A       26%         5
 Beastly Appendage        Tmut           4%         N/A       50%         1
 Blink                    Tloc           4%         N/A       63%         2
 Lesser Beckoning         Tloc           4%         N/A       63%         2
 Momentum Strike          Conj/Tloc      4%         3d8       63%         2
 Wereblood                Tmut           2%         N/A       63%         2
 Confusing Touch          Hex            2%         N/A       86%         3
 Dazzling Flash           Conj/Hex       4%         N/A       86%         3
 Spider Form              Tmut/Pois      2%         N/A       86%         3
 Silence                  Hex/Air        1%         N/A       100%        5
 Summon Forest            Summ/Tloc      1%         N/A       100%        5
 Summon Mana Viper        Hex/Summ       2%         N/A       100%        5
 Conjure Ball Lightning   Conj/Air       1%         3x3d6     100%        6
 Summon Cactus Giant      Summ           1%         N/A       100%        6
 Summon Hydra             Summ           1%         N/A       100%        7
 Discord                  Hex            1%         N/A       100%        8
 Disjunction              Tloc           1%         N/A       100%        8


Dungeon Overview and Level Annotations

Branches:
Dungeon (8/15) Zot: 26943  Temple (1/1) D:6 Zot: 5823   Sewer (visited)
   Lair: D:8-11

Altars:
Ashenzari
Dithmenos
Fedhas
Gozag
Makhleb
Nemelex Xobeh
Okawaru
Qazlal
Ru
Sif Muna
Trog
Wu Jian
Xom

Shops:
D:1 (   D:5 *   D:7 ?

Annotations:
D:5 1 runed translucent door, Crazy Yiuf
D:7 3 runed translucent doors, Psyche; TangoThomas's ghost, novice DsNe; raetorn's ghost, novice MeEE


Innate Abilities, Weirdness & Mutations

You regenerate a little health from kills.
You sometimes gain a little power by taking damage.
You are partially covered in razor-sharp scales. (AC +1, Slay +1)
You have a tail ending in a sharp stinger.


Message History

Psyche looks encouraged for a moment.
Psyche barely misses you.
You barely miss Psyche.
Psyche is severely wounded.
Psyche looks encouraged for a moment.
You closely miss Psyche.
Psyche is severely wounded.
Psyche hits you with a +3 dagger of distortion.
You blink.
You hit Psyche but do no damage. You tail-slap Psyche.
Psyche is almost dead.
Psyche hits you with a +3 dagger of distortion!
* * * LOW HITPOINT WARNING * * *
Space warps around you.
* * * LOW HITPOINT WARNING * * *
You hit Psyche but do no damage. You tail-slap Psyche.
Psyche is almost dead.
Psyche hits you with a +3 dagger of distortion.
* * * LOW HITPOINT WARNING * * *
You are cast into the Abyss!
This branch contains the abyssal rune of Zot.
Found a lumpy grey potion, a book of Displacement and a puce potion.
x - 4 scrolls of magic mapping (gained 1)
You feel a little less agile now.
A ynoxinul materialises.
A ynoxinul is nearby!
As you read the scroll of teleportation, it crumbles to dust.
You feel strangely unstable.
You feel the power of the Abyss delaying your translocation!
The ynoxinul bellows!
You see here a book of Displacement.
You see here a lumpy grey potion.
Found a corrupted altar of Lugonu.
You are suddenly pulled into a different region of the Abyss!
A white draconian comes into view. It is wielding a +0 glaive.
The white draconian roars!
The white draconian breathes frost at you.
The blast of cold hits you!!!
Ouch! That really hurt!
You die...

####..#####.#...
.......d.. ..#
####.#.###...#
.. #..##...####
#. ....
####d..### .# #
.###.
.#.##.#..#.# ..
###....#...#
#...#..# #..##@#
.. #..#...#
#..#...##
###..#.. ##.###
.# #.


You could see a white draconian (catching breath).

Vanquished Creatures
  An unseen horror (D:7)
  A wraith (D:6)
  A water moccasin (D:7)
  Pargi (Sewer)
  2 ice beasts
  2 black bears
  A gnoll sergeant (D:6)
  3 scorpions
  An electric eel (D:7)
  2 howler monkeys
  4 hounds
  2 orc priests
  A gnoll bouda (D:5)
  6 iguanas
  4 orc wizards
  5 gnolls
  16 adders
  A worm (D:2)
  20 orcs
  10 ball pythons
  12 endoplasms
  2 giant cockroaches
  5 goblins
  9 hobgoblins
  7 jackals (D:1)
  5 kobolds
  2 quokkas
  8 bats
  8 frilled lizards
  7 rats
149 creatures vanquished.

Vanquished Creatures (collateral kills)
  A howler monkey (D:7)
  2 gnolls
  An orc (D:5)
  An endoplasm (D:2)
  A giant cockroach (D:3)
  A hobgoblin (D:1)
  A frilled lizard (D:2)
8 creatures vanquished.

Grand Total: 157 creatures vanquished

Notes
Turn   | Place    | Note
-------+----------+-------------------------------------------
     0 | D:1      | SacredBeard the Demonspawn Necromancer began the quest for
                  | the Orb.
     0 | D:1      | Reached XP level 1. HP: 13/13 MP: 3/3
   192 | D:1      | Gained mutation: You regenerate a little health from kills.
                  | [demonic ancestry]
   192 | D:1      | Reached XP level 2. HP: 13/20 MP: 5/5
   317 | D:1      | Found Loylerch's Weapon Shop.
   555 | D:1      | Reached XP level 3. HP: 16/25 MP: 4/6
   703 | D:1      | Reached skill level 1 in Armour
  1043 | D:2      | Reached skill level 1 in Fighting
  1051 | D:2      | Reached skill level 5 in Necromancy
  1146 | D:1      | Reached XP level 4. HP: 6/32 MP: 2/7
  1435 | D:2      | Found Ileluone's Armour Shop.
  1658 | D:2      | Reached skill level 1 in Throwing
  2289 | D:3      | Found a glowing drain.
  2297 | Sewer    | Entered a sewer
  2448 | Sewer    | Noticed Pargi
  2465 | Sewer    | Killed Pargi
  2466 | Sewer    | Reached XP level 5. HP: 27/38 MP: 2/8
  3066 | D:3      | Found a faded altar of an unknown god.
  3356 | D:3      | Gained mutation: You have a small tail. [demonic ancestry]
  3356 | D:3      | Reached XP level 6. HP: 44/44 MP: 7/9
  3749 | D:4      | Reached skill level 6 in Necromancy
  4809 | D:5      | Entered Level 5 of the Dungeon
  4809 | D:5      | Found Ziutu's Assorted Antiques.
  5069 | D:5      | Reached skill level 7 in Necromancy
  5069 | D:5      | Gained mutation: You are partially covered in razor-sharp
                  | scales. (AC +1, Slay +1) [demonic ancestry]
  5069 | D:5      | Reached XP level 7. HP: 46/52 MP: 1/10
  5587 | D:5      | Found a runed translucent door.
  5588 | D:5      | Noticed Crazy Yiuf
  6054 | D:6      | Reached skill level 1 in Shields
  6054 | D:6      | Reached skill level 8 in Necromancy
  6322 | D:6      | Gained mutation: You have a tail ending in a sharp stinger.
                  | [demonic ancestry]
  6322 | D:6      | Reached XP level 8. HP: 58/58 MP: 6/11
  6378 | D:6      | Found a burning altar of Makhleb.
  6379 | D:6      | Found an ornate altar of the Wu Jian Council.
  6408 | D:6      | Reached skill level 9 in Necromancy
  6536 | D:6      | Found a staircase to the Ecumenical Temple.
  6561 | Temple   | Entered the Ecumenical Temple
  6909 | D:6      | Reached skill level 10 in Necromancy
  7272 | D:6      | Found a stormy altar of Qazlal.
  7430 | D:7      | Reached skill level 1 in Long Blades
  7539 | D:7      | Reached skill level 1 in Evocations
  7732 | D:7      | Found Ifuopn Bitao's Magic Scroll Emporium.
  7787 | D:7      | Bought a scroll of identify for 24 gold pieces
  7787 | D:7      | Bought a scroll of teleportation for 36 gold pieces
  7787 | D:7      | Bought a scroll of teleportation for 36 gold pieces
  7787 | D:7      | Bought a scroll of identify for 24 gold pieces
  7787 | D:7      | Bought 2 scrolls of teleportation for 72 gold pieces
  7879 | D:7      | Noticed an unseen horror
  7890 | D:7      | Killed an unseen horror
  7891 | D:7      | Reached skill level 5 in Fighting
  7891 | D:7      | Gained mutation: You sometimes gain a little power by
                  | taking damage. [demonic ancestry]
  7891 | D:7      | Reached XP level 9. HP: 55/68 MP: 1/12
  7992 | D:7      | Found a runed translucent gate.
  7992 | D:7      | Found a runed translucent gate.
  7993 | D:7      | Found a runed translucent gate.
  7994 | D:7      | Noticed raetorn's ghost (novice MeEE)
  7994 | D:7      | Noticed TangoThomas's ghost (novice DsNe)
  8103 | D:7      | Found a shimmering altar of Xom.
  8483 | D:8      | Noticed Psyche
  8540 | Abyss:2  | Cast into level 2 of the Abyss (Psyche)
  8558 | Abyss:2  | Found a corrupted altar of Lugonu.
  8601 | Abyss:2  | Noticed a white draconian
  8613 | Abyss:2  | Killed from afar by a white draconian

Illustrated notes

Levels and vault maps discovered:
D:1:      dpeg_arrival_court, layout_basic, serial_shops, shop,
          chequers_serial_rivers_large_a, hangedman_decor_growths
D:2:      layout_basic, serial_shops, nicolae_shop_tiny_glass
D:3:      layout_basic, portal_sewer_entry_d, basic_ecumenical_altar
D:4:      layout_basic, kennysheep_dice
D:5:      layout_loops_ring, serial_shops, shop, uniq_crazy_yiuf_cottage
D:6:      layout_rooms, nicolae_qazlal_eye_of_the_storm,
          gammafunk_temple_overflow_claw, minmay_temple_entry_grid,
          minmay_holes, hangedman_abyss_or_decor_stabs, minmay_fractal_squares_5
D:7:      layout_cave_pools, lemuel_round_altar, gammafunk_ghost_cemetery,
          nicolae_wooded_promenade, minmay_misc_feat_four_crosses
D:8:      layout_loops_ring, nicolae_overflow_hidden_temple, uniq_psyche
Temple:   jpeg_temple_clearing
Abyss:2:  base: D:2, minivault_5

Skill      XL: |  1  2  3  4  5  6  7  8 |
---------------+-------------------------+-----
Stealth        | 2 3 |  3.0
Dodging        | 2 |  2.0
Armour         | 1 2 |  2.0
Fighting       | 1 2 3 5 |  5.6
Necromancy     | 5 7 8 10 | 10.0
Throwing       | 1 2 |  2.0
Shields        | 2 |  2.0
Long Blades    | 2 |  2.7
Evocations     | 2 |  2.7
Spellcasting   | |  2.0

Action                     |  1- 3 |  4- 6 |  7- 9 || total
---------------------------+-------+-------+-------++-------
  Melee: Short sword       |       |       |    49 ||    49
         Tailslap          |       |       |    12 ||    12
         Punch             |       |       |     1 ||     1
         Unarmed           |       |       |     8 ||     8
   Fire: Sling             |   121 |    35 |     3 ||   159
  Throw: Stone             |       |       |     1 ||     1
   Cast: Necrotise         |    14 |   155 |   164 ||   333
    Use: Potion            |       |     1 |       ||     1
         Scroll            |       |     1 |     8 ||     9
   Stab: Sleeping          |       |       |     1 ||     1
         Confused          |       |       |     1 ||     1
 Armour: Robe              |    11 |       |       ||    11
         Ring mail         |    12 |    51 |    33 ||    96
         Skin              |       |       |     1 ||     1
  Dodge: Dodged            |    65 |    51 |    49 ||   165
  Block: Buckler           |       |       |    11 ||    11
